 Dungeon Crawl Stone Soup version 0.17.0-18-gaab0e96 (webtiles) character file.

198 ventricule the Chopper (level 5, 0/45 HPs)
             Began as a Tengu Arcane Marksman on Nov 11, 2015.
             Killed by divine providence
             ... invoked by an orc priest
              (14 damage)
             ... on level 3 of the Dungeon.
             The game lasted 00:07:37 (3933 turns).

ventricule the Chopper (Tengu Arcane Marksman)      Turns: 3933, Time: 00:07:38

Health: 0/45       AC: 22    Str: 12    XL:     5   Next: 76%
Magic:  7/7        EV:  2    Int: 13    God:
Gold:   95         SH:  0    Dex: 14    Spells: 1 memorised, 5 levels left

rFire  . . .     SeeInvis .     b - +0 hand axe (flame)
rCold  . . .     Clarity  .     (armour currently unavailable)
rNeg   + + +     SustAt   .     (no shield)
rPois  +         Gourm    .     (helmet currently unavailable)
rElec  .         Spirit   .     (cloak currently unavailable)
rCorr  .         Warding  .     (gloves currently unavailable)
rMut   .         NoTele   +     (boots unavailable)
MR     .....                    (no amulet)
Stlth  +.........               (no ring)
                                w - +5 ring of slaying

@: tree-form, not resistant to hostile enchantments, very unstealthy
A: (beak), (talons 0), able to fly 1
a: Fly


You were on level 3 of the Dungeon.
You were hungry.
You were a tree.
You visited 1 branch of the dungeon, and saw 3 of its levels.

You collected 95 gold pieces.


Innate Abilities, Weirdness & Mutations

((You have a beak for a mouth.))
((You have claws for feet.))
You can fly.


   Skills:
 - Level 2.0 Fighting
 + Level 5.0 Axes
 - Level 2.1 Crossbows
 - Level 3.1 Dodging
 - Level 1.0 Spellcasting
 - Level 2.1 Hexes


You had 5 spell levels left.
You knew the following spells:

 Your Spells              Type           Power        Failure   Level  Hunger
Z - Corona                Hex            #......      14%         1    ##.....

Inventory:

Hand Weapons
 a - a +0 hand crossbow
 b - a +0 hand axe of flaming (weapon)
 m - a +0 short sword
Missiles
 f - 13 poisoned arrows
 i - 32 bolts
Armour
 c - a +0 robe
 v - a +2 chain mail of cold resistance (melded)
Jewellery
 w - a +5 ring of slaying (left branch)
Wands
 x - a wand of slowing (10)
Scrolls
 g - a scroll of remove curse
 h - 2 scrolls of random uselessness
 k - 2 scrolls of identify {@r1}
 p - 2 scrolls of amnesia
 t - a scroll of noise {unknown}
 u - a scroll of recharging {unknown}
Potions
 l - a potion of brilliance {unknown}
 o - 2 potions of cancellation
Books
 d - a book of Debilitation

   Spells                             Type                      Level
   a - Corona                         Hexes                        1
   b - Slow                           Hexes                        2
   c - Gell's Gravitas                Hexes/Translocation          3
   d - Inner Flame                    Hexes/Fire                   3
   e - Cause Fear                     Hexes                        4
   f - Leda's Liquefaction            Hexes/Earth                  4
 s - a book of Air

   Spells                             Type                      Level
   a - Shock                          Conjuration/Air              1
   b - Swiftness                      Charms/Air                   2
   c - Repel Missiles                 Charms/Air                   2
   d - Static Discharge               Conjuration/Air              3
   e - Lightning Bolt                 Conjuration/Air              5
Comestibles
 e - 4 bread rations
 r - 4 meat rations

Dungeon Overview and Level Annotations

Branches:
Dungeon (3/15)

Altars:
Nemelex Xobeh

░░░,,.▒▒▒..........▒░░ ▒...
░░,,...........?...▒▒▒▒.▒▒
░,,,............▒...▒..▒▒
░░░░░░░,,,,.........£.░░▒......
░░,,,,,,,,,,,gghhS.....░
▒▒▒..▒▒
░,,░░░░░░,,,,,gohl.....░ ▒..▒
░,░░ ░,░░░░▒.g......░ ▒.▒▒
░,,░░ ░,░ ▒o▒.▒..,,▒▒░ ▒.▒
░░,,░░░ ░,░ ▒▒♣▒.▒.▒,...▒▒▒.▒
░░,,,░░░,░ ▒))▒.▒.▒▒....▒▒.▒▒
░░░,,░░,░ ▒o▒▒......>......▒▒
░░,░▒,░ ▒†▒▒....(.........▒
░,░▒.▒▒▒▒(▒................
░,░▒....((............▒▒...
░,░▒...(.▒▒▒...........▒▒..
░,░▒▒....▒░▒...............
░,.........▒..........▒▒...


You could see an orc priest, 2 gnolls, an adder, 2 orcs, 3 jackals, a goblin and
a giant newt.


Message History

You feel less resistant to cold.
Your roots penetrate the ground.
You feel strangely stable. The orc hits you but does no damage.
The kobold hits you but does no damage.
The jackal barks!
You slash the orc! You burn the orc.
You kill the orc!
You hit the kobold. You burn the kobold.
You kill the kobold!
You closely miss the orc.
You hear some strange, mumbled words.
An adder comes into view.
You hit the orc priest. You burn the orc priest.
The orc priest is heavily wounded.
You hit the orc. You burn the orc.
The orc is almost dead.
The orc priest hits you.
* * * LOW HITPOINT WARNING * * *
The orc hits you with a hand axe.
* * * LOW HITPOINT WARNING * * *
The orc priest casts a cantrip, but nothing happens.
Read which item? (? for menu, Esc to quit)
Okay, then.
You slash the orc priest! You burn the orc priest.
You kill the orc priest!
You hit the orc. You burn the orc.
You kill the orc!
Your Axes skill increases to level 5!
The orc priest invokes the aid of Beogh against you.
Something smites you!
You die...

Action                   |  1- 3 |  4- 6 || total
-------------------------+-------+-------++-------
Melee: Unarmed           |    18 |       ||    18
       Short sword       |    15 |       ||    15
       Hand axe          |    69 |    57 ||   126
 Fire: Hand crossbow     |    17 |    35 ||    52
 Cast: Corona            |     5 |       ||     5
  Use: Scroll            |       |     6 ||     6
       Potion            |       |     1 ||     1
 Stab: Sleeping          |     2 |       ||     2
  Eat: Chunk             |     3 |     4 ||     7
       Royal jelly       |       |     1 ||     1

Vault maps used:
D:1:      scummos_arrival_star, minmay_misc_feat_alley,
          nemelex_diamond_rough_becter
D:2:      first_bread
D:3:      old_standard_altar, uniq_terence, uniq_iyjb

Notes
Turn   | Place    | Note
--------------------------------------------------------------
     0 | D:1      | ventricule the Tengu Arcane Marksman began the quest for the Orb.
     0 | D:1      | Reached XP level 1. HP: 12/12 MP: 3/3
   112 | D:1      | Reached XP level 2. HP: 2/16 MP: 2/4
   748 | D:1      | Reached skill level 3 in Dodging
   771 | D:1      | Reached skill level 2 in Fighting
   778 | D:1      | Reached XP level 3. HP: 18/21 MP: 5/5
   915 | D:1      | Reached skill level 1 in Axes
  1450 | D:1      | Found a sparkling altar of Nemelex Xobeh.
  1686 | D:2      | Reached skill level 2 in Axes
  1808 | D:2      | Reached XP level 4. HP: 26/26 MP: 6/6
  1998 | D:2      | Reached skill level 3 in Axes
  3212 | D:2      | Gained mutation: You can fly. [Tengu growth]
  3212 | D:2      | Reached XP level 5. HP: 30/30 MP: 7/7
  3420 | D:2      | Reached skill level 4 in Axes
  3752 | D:3      | Noticed Terence
  3760 | D:3      | Killed Terence
  3933 | D:3      | Reached skill level 5 in Axes
  3933 | D:3      | Killed from afar by an orc priest

Vanquished Creatures
  An orc priest (D:3)
  Terence (D:3)
  5 adders (D:2)
  3 oozes
  A worm (D:2)
  A giant gecko (D:2)
  2 orcs (D:3)
  7 goblins
  10 hobgoblins
  13 kobolds
  2 quokkas
  17 bats
  5 giant cockroaches
  2 giant newts
  7 rats
77 creatures vanquished.
